Chicago Black Hawks vs Dallas Stars
Created - Saturday, November 1, 2025 at 09:00
Goals
|
| Chicago Black Hawks |
1 |
3 |
1 |
5 |
| Dallas Stars |
0 |
1 |
0 |
1 |
|
Shots
|
| Chicago Black Hawks |
11 |
12 |
11 |
34 |
| Dallas Stars |
11 |
11 |
12 |
34 |
|
1st period
1. Chicago Black Hawks , Barrett Hayton 28 (Matthew Beniers 28) at 7:56 (SH)
Penalties :
Eeli Tolvanen (CHI) for Interference (Minor) at 7:30, Arber Xhekaj (DAL) for Slashing (Minor) at 16:36
2nd period
2. Chicago Black Hawks , Leo Carlsson 38 (Oliver Bjorkstrand 24, Zachary Werenski 38) at 1:17
3. Dallas Stars , Josh Anderson 25 (Elias Lindholm 41) at 3:09
4. Chicago Black Hawks , Bobby Brink 13 (Zachary Werenski 39, Matthew Beniers 29) at 4:31
5. Chicago Black Hawks , Morgan Frost 14 (Brett Howden 11, Christopher Tanev 24) at 9:36
Penalties :
Noah Dobson (CHI) for Boarding (Minor) at 14:40, Barrett Hayton (CHI) for Holding (Minor) at 19:56
3rd period
6. Chicago Black Hawks , Barrett Hayton 29 (Morgan Frost 11, Zachary Werenski 40) at 19:23 (PP)
Penalties :
Shane Wright (CHI) for Hooking (Minor) at 10:37, Brett Howden (CHI) for Hooking (Minor) at 13:33, Luke Kunin (DAL) for High sticking (Minor) at 18:12
Goalie Stats
Adin Hill (CHI), 33 saves from 34 shots - (0.971), W, 16-6-3, 60:00 minutes
Alex Lyon (DAL), 29 saves from 34 shots - (0.853), L, 22-15-2, 60:00 minutes
Players Stats for Chicago Black Hawks
Player Name G A P +/- PIM S H SB GA TA FO MP PP MP PK MP
------------------------------------------------------------------------------------
Barrett Hayton 2 0 2 1 2 5 0 0 1 0 9/16 19:07 1:38 3:54
Bobby Brink 1 0 1 1 0 1 2 0 0 1 1/1 10:52 0:00 0:00
Brent Burns 0 0 0 1 0 0 2 1 0 1 0/0 21:04 1:26 5:09
Brett Howden 0 1 1 1 2 1 0 2 1 0 1/4 10:03 0:00 0:56
Christopher Tanev 0 1 1 1 0 0 0 2 0 2 0/0 21:04 1:26 5:09
Eeli Tolvanen 0 0 0 0 2 0 3 1 0 0 0/1 13:16 0:03 0:00
Jonas Brodin 0 0 0 1 0 2 1 0 0 2 0/0 18:24 0:00 0:00
Justin Faulk 0 0 0 1 0 2 2 6 1 2 0/0 20:32 1:44 4:46
Leo Carlsson 1 0 1 0 0 3 1 1 1 0 9/15 19:38 1:29 4:43
Lucas Raymond 0 0 0 0 0 1 0 0 0 0 0/0 13:35 0:03 0:12
Matthew Beniers 0 2 2 2 0 3 0 0 0 0 4/10 17:02 1:29 5:00
Morgan Frost 1 1 2 1 0 2 0 0 0 0 3/6 10:58 1:38 0:00
Noah Dobson 0 0 0 0 2 0 0 0 0 0 0/0 13:21 0:00 0:00
Oliver Bjorkstrand 0 1 1 0 0 5 2 1 1 0 1/9 19:38 1:29 4:43
Ryan Suzuki 0 0 0 1 0 0 1 0 0 0 1/1 9:07 0:00 0:00
Shane Wright 0 0 0 1 2 6 0 0 1 0 0/0 11:09 0:03 0:00
Trevor Zegras 0 0 0 0 0 1 3 0 0 0 0/1 15:26 1:38 0:22
Zachary Werenski 0 3 3 2 0 2 0 2 1 3 0/0 25:44 1:44 4:46
Players Stats for Dallas Stars
Player Name G A P +/- PIM S H SB GA TA FO MP PP MP PK MP
------------------------------------------------------------------------------------
Alex Iafallo 0 0 0 -1 0 0 0 1 0 1 0/1 12:19 0:08 0:00
Arber Xhekaj 0 0 0 1 2 0 2 1 0 0 0/0 14:16 0:00 0:00
Brendan Gallagher 0 0 0 -1 0 3 2 0 2 1 1/1 19:49 4:49 1:29
Cam York 0 0 0 1 0 4 0 0 0 0 0/0 14:07 0:00 0:00
Dougie Hamilton 0 0 0 -3 0 1 1 0 1 0 0/0 23:32 5:14 1:55
Elias Lindholm 0 1 1 -1 0 5 0 0 1 0 22/29 20:03 4:57 1:41
Jack Drury 0 0 0 -1 0 3 0 1 0 0 3/8 12:07 0:00 0:00
Jakob Chychrun 0 0 0 -1 0 1 0 1 1 0 0/0 22:21 4:41 1:15
Joel Kiviranta 0 0 0 0 0 1 1 1 0 0 0/0 8:14 0:08 0:00
Jonatan Berggren 0 0 0 0 0 2 0 1 1 1 0/0 8:02 0:00 0:00
Jordan Greenway 0 0 0 -1 0 0 1 1 0 0 0/0 18:09 4:58 0:00
Jordan Martinook 0 0 0 -1 0 4 1 1 0 0 1/3 19:48 4:58 1:29
Josh Anderson 1 0 1 -1 0 4 1 0 2 1 1/1 19:51 4:49 1:41
Luke Kunin 0 0 0 -1 2 4 1 0 1 0 6/15 18:08 4:58 0:00
Philip Tomasino 0 0 0 0 0 0 0 0 1 0 1/6 8:02 0:00 0:00
Rasmus Ristolainen 0 0 0 -3 0 1 2 2 0 3 0/0 23:32 5:14 1:55
Trent Frederic 0 0 0 -1 0 0 0 0 1 0 0/0 12:07 0:00 0:00
Trevor van Riemsdyk 0 0 0 -1 0 1 2 0 0 0 0/0 22:21 4:41 1:15
3 Stars
1 - Adin Hill (CHI)
2 - Zachary Werenski (CHI)
3 - Barrett Hayton (CHI)
Power Play
Chicago Black Hawks - 1 on 2 Attempt(s) - 50.00%
Dallas Stars - 0 on 5 Attempt(s) - 0.00%
Penalty Kill
Chicago Black Hawks - 5 on 5 Attempt(s) - 100.00%
- Score 1 goal in Penalty Kill
Dallas Stars - 1 on 2 Attempt(s) - 50.00%
- Score 0 goal in Penalty Kill
Team Stat
Chicago Black Hawks - Hits : 17 - Faceoff Wins : 29 - Blocked Shots : 16 - Penalty Minutes : 10
Dallas Stars - Hits : 14 - Faceoff Wins : 35 - Blocked Shots : 10 - Penalty Minutes : 4
Official
Referees : Kendrick Nicholson and Jon Mcisaac
Linesman : Travis Gawryletz and Jonathan Deschamps
Game Notes
No Game Note
Finance
Level 1 -- Attendance: 5608 (93.47%) -- Ticket Income $504,720
Level 2 -- Attendance: 4904 (98.08%) -- Ticket Income $245,200
Level 3 -- Attendance: 2765 (92.17%) -- Ticket Income $82,950
Level 4 -- Attendance: 3923 (78.46%) -- Ticket Income $98,075
Luxury Box -- Attendance: 895 (89.50%) -- Ticket Income $170,050
Game was played at the American Airlines Center.
Total Attendance: 18095 (90.48%)
Total Ticket Income: $1,100,995
Other Income: $385,348
Total Income: $1,486,343
Chicago Black Hawks
5 vs 5 Forward
Center Left Wing Right Wing Time % Phy DF OF
1 Leo Carlsson Eeli Tolvanen Oliver Bjorkstrand 30 1 2 2
2 Barrett Hayton Lucas Raymond Trevor Zegras 30 1 2 2
3 Matthew Beniers Shane Wright Bobby Brink 25 1 2 2
4 Morgan Frost Brett Howden Ryan Suzuki 15 1 2 2
5 vs 5 Defense
Defense Defense Time % Phy DF OF
1 Zachary Werenski Justin Faulk 30 1 2 2
2 Brent Burns Christopher Tanev 30 1 2 2
3 Noah Dobson Jonas Brodin 25 1 2 2
4 Jonas Brodin Zachary Werenski 15 1 2 2
PowerPlay Forward
Center Left Wing Right Wing Time % Phy DF OF
1 Leo Carlsson Matthew Beniers Oliver Bjorkstrand 50 1 2 2
2 Barrett Hayton Morgan Frost Trevor Zegras 50 1 2 2
PowerPlay Defense
Defense Defense Time % Phy DF OF
1 Zachary Werenski Justin Faulk 50 1 2 2
2 Brent Burns Christopher Tanev 50 1 2 2
Penalty Kill 4 Players Forward
Center Wing Time % Phy DF OF
1 Oliver Bjorkstrand Leo Carlsson 50 1 2 2
2 Barrett Hayton Matthew Beniers 50 1 2 2
Penalty Kill 4 Players Defense
Defense Defense Time % Phy DF OF
1 Zachary Werenski Justin Faulk 50 1 2 2
2 Brent Burns Christopher Tanev 50 1 2 2
Penalty Kill - 3 Players Forward
Forward Time % Phy DF OF
1 Barrett Hayton 50 1 2 2
2 Leo Carlsson 50 1 2 2
Penalty Kill - 3 Players Defense
Defense Defense Time % Phy DF OF
1 Zachary Werenski Justin Faulk 50 1 2 2
2 Brent Burns Christopher Tanev 50 1 2 2
4 vs 4 Forward
Center Wing Time % Phy DF OF
1 Oliver Bjorkstrand Leo Carlsson 50 1 2 2
2 Barrett Hayton Matthew Beniers 50 1 2 2
4 vs 4 Defense
Defense Defense Time % Phy DF OF
1 Zachary Werenski Justin Faulk 50 1 2 2
2 Brent Burns Christopher Tanev 50 1 2 2
Last Minutes Offensive
Center Left Wing Right Wing Defense Defense
Leo Carlsson Eeli Tolvanen Oliver Bjorkstrand Zachary Werenski Justin Faulk
Last Minutes Defensive
Center Left Wing Right Wing Defense Defense
Leo Carlsson Eeli Tolvanen Oliver Bjorkstrand Zachary Werenski Justin Faulk
Goaltenders
Starting : Adin Hill
Backup : Filip Gustavsson
Extra Forwards
Normal : Shane Wright, Morgan Frost, Brett Howden - PP : Shane Wright, Morgan Frost - PK : Brett Howden
Extra Defensemen
Normal : Noah Dobson, Zachary Werenski, Jonas Brodin - PP : Noah Dobson - PK : Zachary Werenski, Jonas Brodin
Penalty Shots
Morgan Frost, Leo Carlsson, Barrett Hayton, Matthew Beniers, Oliver Bjorkstrand
Scratches
David Jiricek (Healthy), Ryan Lindgren (Healthy), Simon Nemec (Healthy), Antonio Stranges (Healthy), Noah Cates (Healthy)
Dallas Stars
5 vs 5 Forward
Center Left Wing Right Wing Time % Phy DF OF
1 Elias Lindholm Josh Anderson Brendan Gallagher 30 1 2 2
2 Luke Kunin Jordan Martinook Jordan Greenway 30 1 2 2
3 Jack Drury Alex Iafallo Trent Frederic 25 1 2 2
4 Philip Tomasino Joel Kiviranta Jonatan Berggren 15 1 2 2
5 vs 5 Defense
Defense Defense Time % Phy DF OF
1 Rasmus Ristolainen Dougie Hamilton 35 1 2 2
2 Trevor van Riemsdyk Jakob Chychrun 35 1 2 2
3 Arber Xhekaj Cam York 30 1 2 2
4 Rasmus Ristolainen Dougie Hamilton 0 1 2 2
PowerPlay Forward
Center Left Wing Right Wing Time % Phy DF OF
1 Elias Lindholm Josh Anderson Brendan Gallagher 50 1 2 2
2 Luke Kunin Jordan Martinook Jordan Greenway 50 1 2 2
PowerPlay Defense
Defense Defense Time % Phy DF OF
1 Rasmus Ristolainen Dougie Hamilton 50 1 2 2
2 Trevor van Riemsdyk Jakob Chychrun 50 1 2 2
Penalty Kill 4 Players Forward
Center Wing Time % Phy DF OF
1 Elias Lindholm Josh Anderson 50 1 2 2
2 Jordan Martinook Brendan Gallagher 50 1 2 2
Penalty Kill 4 Players Defense
Defense Defense Time % Phy DF OF
1 Rasmus Ristolainen Dougie Hamilton 50 1 2 2
2 Trevor van Riemsdyk Jakob Chychrun 50 1 2 2
Penalty Kill - 3 Players Forward
Forward Time % Phy DF OF
1 Elias Lindholm 50 1 2 2
2 Josh Anderson 50 1 2 2
Penalty Kill - 3 Players Defense
Defense Defense Time % Phy DF OF
1 Rasmus Ristolainen Dougie Hamilton 50 1 2 2
2 Trevor van Riemsdyk Jakob Chychrun 50 1 2 2
4 vs 4 Forward
Center Wing Time % Phy DF OF
1 Elias Lindholm Josh Anderson 50 1 2 2
2 Jordan Martinook Brendan Gallagher 50 1 2 2
4 vs 4 Defense
Defense Defense Time % Phy DF OF
1 Rasmus Ristolainen Dougie Hamilton 50 1 2 2
2 Trevor van Riemsdyk Jakob Chychrun 50 1 2 2
Last Minutes Offensive
Center Left Wing Right Wing Defense Defense
Elias Lindholm Josh Anderson Brendan Gallagher Rasmus Ristolainen Dougie Hamilton
Last Minutes Defensive
Center Left Wing Right Wing Defense Defense
Elias Lindholm Josh Anderson Brendan Gallagher Rasmus Ristolainen Dougie Hamilton
Goaltenders
Starting : Alex Lyon
Backup : Semyon Varlamov
Extra Forwards
Normal : Alex Iafallo, Joel Kiviranta, Jack Drury - PP : Alex Iafallo, Joel Kiviranta - PK : Jack Drury
Extra Defensemen
Normal : Rasmus Ristolainen, Cam York, Trevor van Riemsdyk - PP : Dougie Hamilton - PK : Cam York, Trevor van Riemsdyk
Penalty Shots
Elias Lindholm, Josh Anderson, Jordan Martinook, Brendan Gallagher, Alex Iafallo
Scratches
Filip Chytil (Healthy), Jonas Siegenthaler (Healthy), Marc-Andre Fleury (Healthy)
% Time on Ice - Chicago Black Hawks
Lines # - Real PCT - Wanted PCT - Time Play
Normal Forward
1 - 29% - 30% - 13:27
2 - 29% - 30% - 13:29
3 - 23% - 25% - 10:52
4 - 19% - 15% - 9:07
Normal Defense
1 - 30% - 30% - 14:02
2 - 31% - 30% - 14:29
3 - 28% - 25% - 13:12
4 - 11% - 15% - 5:12
PP Forward
1 - 47% - 50% - 1:29
2 - 53% - 50% - 1:41
PP Defense
1 - 55% - 50% - 1:44
2 - 45% - 50% - 1:26
PK Forward
1 - 48% - 50% - 4:45
2 - 52% - 50% - 5:10
PK Defense
1 - 48% - 50% - 4:46
2 - 52% - 50% - 5:09
PK3 Forward
1 - 0% - 50%
2 - 0% - 50%
PK3 Defense
1 - 0% - 50%
2 - 0% - 50%
44 Forward
1 - 0% - 50%
2 - 0% - 50%
44 Defense
1 - 0% - 50%
2 - 0% - 50%
Last Minute Offensive - 0:00
Last Minute Defensive - 0:00
Total
Forward - 60:00
Defense - 60:00
|
% Time on Ice - Dallas Stars
Lines # - Real PCT - Wanted PCT - Time Play
Normal Forward
1 - 29% - 30% - 13:25
2 - 28% - 30% - 13:21
3 - 26% - 25% - 12:07
4 - 17% - 15% - 8:02
Normal Defense
1 - 35% - 35% - 16:23
2 - 35% - 35% - 16:25
3 - 30% - 30% - 14:07
4 - 0% - 0% - 0:00
PP Forward
1 - 50% - 50% - 4:57
2 - 50% - 50% - 4:58
PP Defense
1 - 53% - 50% - 5:14
2 - 47% - 50% - 4:41
PK Forward
1 - 53% - 50% - 1:41
2 - 47% - 50% - 1:29
PK Defense
1 - 61% - 50% - 1:55
2 - 39% - 50% - 1:15
PK3 Forward
1 - 0% - 50%
2 - 0% - 50%
PK3 Defense
1 - 0% - 50%
2 - 0% - 50%
44 Forward
1 - 0% - 50%
2 - 0% - 50%
44 Defense
1 - 0% - 50%
2 - 0% - 50%
Last Minute Offensive - 0:00
Last Minute Defensive - 0:00
Total
Forward - 60:00
Defense - 60:00
|
Play-by-Play
1st period
0:01 of 1st period - Elias Lindholm wins face-off versus Eeli Tolvanen in neutral zone.
0:14 of 1st period - Snap shot by Brendan Gallagher.
0:14 of 1st period - Stopped by Adin Hill with a rebound.
0:16 of 1st period - Snap shot by Rasmus Ristolainen.
0:16 of 1st period - Deflect By Elias Lindholm.
0:16 of 1st period - Stopped by Adin Hill with a rebound.
0:49 of 1st period - Slapshot by Matthew Beniers.
0:49 of 1st period - Stopped by Alex Lyon without a rebound.
0:50 of 1st period - Matthew Beniers wins face-off versus Philip Tomasino in Dallas Stars zone.
0:51 of 1st period - Slapshot by Shane Wright.
0:51 of 1st period - Stopped by Alex Lyon with a rebound.
0:57 of 1st period - Snap shot by Matthew Beniers.
0:57 of 1st period - Shot Blocked by Arber Xhekaj.
1:37 of 1st period - Christopher Tanev is hit by Arber Xhekaj and loses puck.
2:02 of 1st period - Trevor van Riemsdyk is hit by Eeli Tolvanen and loses puck.
2:27 of 1st period - Snap shot by Joel Kiviranta.
2:27 of 1st period - Shot Misses the Net.
2:29 of 1st period - Slapshot by Trevor van Riemsdyk.
2:29 of 1st period - Shot Blocked by Brent Burns.
3:15 of 1st period - Icing by Dougie Hamilton.
3:16 of 1st period - Matthew Beniers wins face-off versus Luke Kunin in Dallas Stars zone.
3:43 of 1st period - Snap shot by Elias Lindholm.
3:43 of 1st period - Shot Misses the Net.
4:29 of 1st period - Wrist shot by Jonatan Berggren.
4:29 of 1st period - Shot Hit the Post.
4:45 of 1st period - Wrist shot by Shane Wright.
4:45 of 1st period - Stopped by Alex Lyon with a rebound.
4:47 of 1st period - Slapshot by Matthew Beniers.
4:47 of 1st period - Deflect By Shane Wright.
4:47 of 1st period - Stopped by Alex Lyon with a rebound.
4:49 of 1st period - Wrist shot by Matthew Beniers.
4:49 of 1st period - Shot Misses the Net.
5:39 of 1st period - Off-side.
5:40 of 1st period - Barrett Hayton wins face-off versus Luke Kunin in neutral zone.
5:47 of 1st period - Brent Burns is hit by Jordan Greenway and loses puck.
6:04 of 1st period - Wrist shot by Luke Kunin.
6:04 of 1st period - Shot Misses the Net.
6:10 of 1st period - Slapshot by Luke Kunin.
6:10 of 1st period - Shot Blocked by Christopher Tanev.
6:36 of 1st period - Snap shot by Luke Kunin.
6:36 of 1st period - Stopped by Adin Hill with a rebound.
6:53 of 1st period - Slapshot by Luke Kunin.
6:53 of 1st period - Stopped by Adin Hill with a rebound.
6:55 of 1st period - Slapshot by Jordan Martinook.
6:55 of 1st period - Stopped by Adin Hill without a rebound.
6:56 of 1st period - Matthew Beniers wins face-off versus Jack Drury in Chicago Black Hawks zone.
7:08 of 1st period - Off-side.
7:09 of 1st period - Leo Carlsson wins face-off versus Jack Drury in neutral zone.
7:18 of 1st period - Wrist shot by Jack Drury.
7:18 of 1st period - Shot Blocked by Leo Carlsson.
7:30 of 1st period - Minor Penalty to Eeli Tolvanen for Interference.
7:31 of 1st period - Elias Lindholm wins face-off versus Oliver Bjorkstrand in Chicago Black Hawks zone.
7:56 of 1st period - Slapshot by Barrett Hayton.
7:56 of 1st period - Goal by Barrett Hayton - Chicago Black Hawks : 1 - Dallas Stars : 0.
7:57 of 1st period - Luke Kunin wins face-off versus Oliver Bjorkstrand in neutral zone.
8:00 of 1st period - Slapshot by Jakob Chychrun.
8:00 of 1st period - Stopped by Adin Hill with a rebound.
8:02 of 1st period - Snap shot by Jordan Martinook.
8:02 of 1st period - Stopped by Adin Hill with a rebound.
8:04 of 1st period - Slapshot by Trevor van Riemsdyk.
8:04 of 1st period - Stopped by Adin Hill without a rebound.
8:05 of 1st period - Luke Kunin wins face-off versus Oliver Bjorkstrand in Chicago Black Hawks zone.
8:20 of 1st period - Snap shot by Jordan Martinook.
8:20 of 1st period - Deflect By Brent Burns.
8:20 of 1st period - Stopped by Adin Hill with a rebound.
9:30 of 1st period - Penalty to Eeli Tolvanen is over, Eeli Tolvanen is back on ice.
9:46 of 1st period - Off-side.
9:47 of 1st period - Morgan Frost wins face-off versus Philip Tomasino in neutral zone.
10:19 of 1st period - Wrist shot by Jack Drury.
10:19 of 1st period - Stopped by Adin Hill without a rebound.
10:20 of 1st period - Elias Lindholm wins face-off versus Matthew Beniers in Chicago Black Hawks zone.
10:43 of 1st period - Wrist shot by Shane Wright.
10:43 of 1st period - Shot Blocked by Jack Drury.
10:45 of 1st period - Wrist shot by Matthew Beniers.
10:45 of 1st period - Shot Misses the Net.
10:47 of 1st period - Wrist shot by Matthew Beniers.
10:47 of 1st period - Stopped by Alex Lyon with a rebound.
10:49 of 1st period - Slapshot by Shane Wright.
10:49 of 1st period - Stopped by Alex Lyon without a rebound.
10:50 of 1st period - Luke Kunin wins face-off versus Leo Carlsson in Dallas Stars zone.
12:26 of 1st period - Snap shot by Oliver Bjorkstrand.
12:26 of 1st period - Stopped by Alex Lyon with a rebound.
13:14 of 1st period - Shane Wright is hit by Dougie Hamilton.
14:07 of 1st period - Elias Lindholm is hit by Bobby Brink and loses puck.
14:16 of 1st period - Brendan Gallagher is hit by Justin Faulk and loses puck.
15:02 of 1st period - Trevor van Riemsdyk is hit by Trevor Zegras and loses puck.
15:32 of 1st period - Wrist shot by Shane Wright.
15:32 of 1st period - Stopped by Alex Lyon with a rebound.
15:49 of 1st period - Icing by Rasmus Ristolainen.
15:50 of 1st period - Leo Carlsson wins face-off versus Luke Kunin in Dallas Stars zone.
15:51 of 1st period - Slapshot by Oliver Bjorkstrand.
15:51 of 1st period - Stopped by Alex Lyon with a rebound.
15:53 of 1st period - Snap shot by Oliver Bjorkstrand.
15:53 of 1st period - Shot Hit the Post.
15:55 of 1st period - Snap shot by Eeli Tolvanen.
15:55 of 1st period - Deflect By Oliver Bjorkstrand.
15:55 of 1st period - Shot Blocked by Jordan Martinook.
15:55 of 1st period - Puck is out of play.
15:56 of 1st period - Elias Lindholm wins face-off versus Oliver Bjorkstrand in Dallas Stars zone.
16:23 of 1st period - Wrist shot by Leo Carlsson.
16:23 of 1st period - Deflect By Trevor Zegras.
16:23 of 1st period - Shot Misses the Net.
16:23 of 1st period - Puck is out of play.
16:24 of 1st period - Barrett Hayton wins face-off versus Luke Kunin in Dallas Stars zone.
16:31 of 1st period - Snap shot by Trevor Zegras.
16:31 of 1st period - Shot Misses the Net.
16:33 of 1st period - Wrist shot by Barrett Hayton.
16:33 of 1st period - Stopped by Alex Lyon without a rebound.
16:34 of 1st period - Elias Lindholm wins face-off versus Oliver Bjorkstrand in Dallas Stars zone.
16:36 of 1st period - Minor Penalty to Arber Xhekaj for Slashing.
16:37 of 1st period - Leo Carlsson wins face-off versus Elias Lindholm in Dallas Stars zone.
18:36 of 1st period - Penalty to Arber Xhekaj is over, Arber Xhekaj is back on ice.
18:45 of 1st period - Wrist shot by Brendan Gallagher.
18:45 of 1st period - Stopped by Adin Hill without a rebound.
18:46 of 1st period - Jack Drury wins face-off versus Matthew Beniers in Chicago Black Hawks zone.
18:51 of 1st period - Slapshot by Alex Iafallo.
18:51 of 1st period - Shot Misses the Net.
19:28 of 1st period - Jordan Greenway is hit by Trevor Zegras and loses puck.
19:57 of 1st period - Slapshot by Justin Faulk.
19:57 of 1st period - Shot Misses the Net.
Goals for this period are 1 for Chicago Black Hawks vs 0 for Dallas Stars.
Shots for this period are 11 for Chicago Black Hawks vs 11 for Dallas Stars.
2nd period
0:01 of 2nd period - Leo Carlsson wins face-off versus Elias Lindholm in neutral zone.
0:04 of 2nd period - Backhand shot by Zachary Werenski.
0:04 of 2nd period - Deflect By Leo Carlsson.
0:04 of 2nd period - Stopped by Alex Lyon without a rebound.
0:05 of 2nd period - Oliver Bjorkstrand wins face-off versus Elias Lindholm in Dallas Stars zone.
0:09 of 2nd period - Icing by Rasmus Ristolainen.
0:10 of 2nd period - Elias Lindholm wins face-off versus Leo Carlsson in Dallas Stars zone.
0:10 of 2nd period - Elias Lindholm is hit by Oliver Bjorkstrand.
0:20 of 2nd period - Wrist shot by Elias Lindholm.
0:20 of 2nd period - Stopped by Adin Hill without a rebound.
0:21 of 2nd period - Elias Lindholm wins face-off versus Trevor Zegras in Chicago Black Hawks zone.
0:26 of 2nd period - Snap shot by Josh Anderson.
0:26 of 2nd period - Stopped by Adin Hill with a rebound.
0:48 of 2nd period - Shane Wright is hit by Jordan Martinook and loses puck.
0:59 of 2nd period - Slapshot by Dougie Hamilton.
0:59 of 2nd period - Shot Misses the Net.
1:15 of 2nd period - Snap shot by Leo Carlsson.
1:15 of 2nd period - Shot Blocked by Alex Iafallo.
1:17 of 2nd period - Snap shot by Oliver Bjorkstrand.
1:17 of 2nd period - Deflect By Leo Carlsson.
1:17 of 2nd period - Goal by Leo Carlsson - Chicago Black Hawks : 2 - Dallas Stars : 0.
1:18 of 2nd period - Elias Lindholm wins face-off versus Barrett Hayton in neutral zone.
1:21 of 2nd period - Trevor Zegras is hit by Trevor van Riemsdyk and loses puck.
2:37 of 2nd period - Backhand shot by Jordan Martinook.
2:37 of 2nd period - Shot Misses the Net.
3:01 of 2nd period - Icing by Brendan Gallagher.
3:02 of 2nd period - Elias Lindholm wins face-off versus Leo Carlsson in Dallas Stars zone.
3:09 of 2nd period - Snap shot by Elias Lindholm.
3:09 of 2nd period - Deflect By Josh Anderson.
3:09 of 2nd period - Goal by Josh Anderson - Chicago Black Hawks : 2 - Dallas Stars : 1.
3:10 of 2nd period - Elias Lindholm wins face-off versus Leo Carlsson in neutral zone.
3:35 of 2nd period - Jack Drury is hit by Justin Faulk and loses puck.
3:44 of 2nd period - Snap shot by Matthew Beniers.
3:44 of 2nd period - Stopped by Alex Lyon without a rebound.
3:45 of 2nd period - Elias Lindholm wins face-off versus Barrett Hayton in Dallas Stars zone.
3:47 of 2nd period - Icing by Josh Anderson.
3:48 of 2nd period - Barrett Hayton wins face-off versus Elias Lindholm in Dallas Stars zone.
3:55 of 2nd period - Slapshot by Lucas Raymond.
3:55 of 2nd period - Stopped by Alex Lyon without a rebound.
3:56 of 2nd period - Elias Lindholm wins face-off versus Barrett Hayton in Dallas Stars zone.
4:29 of 2nd period - Snap shot by Zachary Werenski.
4:29 of 2nd period - Stopped by Alex Lyon with a rebound.
4:31 of 2nd period - Wrist shot by Bobby Brink.
4:31 of 2nd period - Goal by Bobby Brink - Chicago Black Hawks : 3 - Dallas Stars : 1.
4:32 of 2nd period - Jack Drury wins face-off versus Leo Carlsson in neutral zone.
5:02 of 2nd period - Elias Lindholm is hit by Trevor Zegras and loses puck.
6:03 of 2nd period - Slapshot by Oliver Bjorkstrand.
6:03 of 2nd period - Shot Misses the Net.
6:05 of 2nd period - Snap shot by Oliver Bjorkstrand.
6:05 of 2nd period - Shot Misses the Net.
6:07 of 2nd period - Wrist shot by Oliver Bjorkstrand.
6:07 of 2nd period - Deflect By Leo Carlsson.
6:07 of 2nd period - Shot Misses the Net.
6:07 of 2nd period - Puck is out of play.
6:08 of 2nd period - Elias Lindholm wins face-off versus Barrett Hayton in Dallas Stars zone.
6:12 of 2nd period - Off-side.
6:13 of 2nd period - Elias Lindholm wins face-off versus Barrett Hayton in neutral zone.
7:00 of 2nd period - Jakob Chychrun is hit by Oliver Bjorkstrand and loses puck.
7:09 of 2nd period - Slapshot by Jakob Chychrun.
7:09 of 2nd period - Shot Hit the Post.
7:16 of 2nd period - Icing by Leo Carlsson.
7:17 of 2nd period - Leo Carlsson wins face-off versus Philip Tomasino in Chicago Black Hawks zone.
7:17 of 2nd period - Leo Carlsson is hit by Arber Xhekaj.
7:53 of 2nd period - Cam York is hit by Eeli Tolvanen and loses puck.
8:04 of 2nd period - Snap shot by Elias Lindholm.
8:04 of 2nd period - Shot Blocked by Brett Howden.
8:08 of 2nd period - Wrist shot by Josh Anderson.
8:08 of 2nd period - Shot Misses the Net.
8:10 of 2nd period - Slapshot by Cam York.
8:10 of 2nd period - Shot Misses the Net.
8:12 of 2nd period - Snap shot by Brendan Gallagher.
8:12 of 2nd period - Shot Misses the Net.
8:14 of 2nd period - Wrist shot by Josh Anderson.
8:14 of 2nd period - Shot Misses the Net.
8:16 of 2nd period - Slapshot by Arber Xhekaj.
8:16 of 2nd period - Shot Misses the Net.
9:10 of 2nd period - Jordan Martinook is hit by Leo Carlsson.
9:20 of 2nd period - Snap shot by Leo Carlsson.
9:20 of 2nd period - Shot Blocked by Rasmus Ristolainen.
9:36 of 2nd period - Snap shot by Morgan Frost.
9:36 of 2nd period - Goal by Morgan Frost - Chicago Black Hawks : 4 - Dallas Stars : 1.
9:37 of 2nd period - Elias Lindholm wins face-off versus Matthew Beniers in neutral zone.
10:00 of 2nd period - Icing by Jakob Chychrun.
10:01 of 2nd period - Josh Anderson wins face-off versus Leo Carlsson in Dallas Stars zone.
10:12 of 2nd period - Snap shot by Oliver Bjorkstrand.
10:12 of 2nd period - Stopped by Alex Lyon without a rebound.
10:13 of 2nd period - Barrett Hayton wins face-off versus Luke Kunin in Dallas Stars zone.
10:18 of 2nd period - Snap shot by Lucas Raymond.
10:18 of 2nd period - Shot Blocked by Rasmus Ristolainen.
10:20 of 2nd period - Snap shot by Barrett Hayton.
10:20 of 2nd period - Stopped by Alex Lyon with a rebound.
10:22 of 2nd period - Snap shot by Lucas Raymond.
10:22 of 2nd period - Shot Misses the Net.
10:47 of 2nd period - Wrist shot by Leo Carlsson.
10:47 of 2nd period - Shot Blocked by Jakob Chychrun.
11:01 of 2nd period - Bobby Brink is hit by Brendan Gallagher and loses puck.
11:21 of 2nd period - Slapshot by Zachary Werenski.
11:21 of 2nd period - Shot Misses the Net.
11:23 of 2nd period - Slapshot by Brett Howden.
11:23 of 2nd period - Stopped by Alex Lyon with a rebound.
13:13 of 2nd period - Wrist shot by Lucas Raymond.
13:13 of 2nd period - Shot Blocked by Jordan Greenway.
13:15 of 2nd period - Slapshot by Justin Faulk.
13:15 of 2nd period - Stopped by Alex Lyon without a rebound.
13:16 of 2nd period - Leo Carlsson wins face-off versus Jack Drury in Dallas Stars zone.
14:32 of 2nd period - Snap shot by Philip Tomasino.
14:32 of 2nd period - Shot Blocked by Eeli Tolvanen.
14:34 of 2nd period - Wrist shot by Jonatan Berggren.
14:34 of 2nd period - Shot Misses the Net.
14:40 of 2nd period - Minor Penalty to Noah Dobson for Boarding.
14:41 of 2nd period - Barrett Hayton wins face-off versus Luke Kunin in Chicago Black Hawks zone.
15:06 of 2nd period - Brent Burns is hit by Josh Anderson and loses puck.
16:40 of 2nd period - Penalty to Noah Dobson is over, Noah Dobson is back on ice.
16:46 of 2nd period - Wrist shot by Matthew Beniers.
16:46 of 2nd period - Shot Misses the Net.
16:49 of 2nd period - Icing by Trent Frederic.
16:50 of 2nd period - Ryan Suzuki wins face-off versus Alex Iafallo in Dallas Stars zone.
17:17 of 2nd period - Icing by Jonatan Berggren.
17:18 of 2nd period - Leo Carlsson wins face-off versus Philip Tomasino in Dallas Stars zone.
17:19 of 2nd period - Slapshot by Oliver Bjorkstrand.
17:19 of 2nd period - Shot Blocked by Jonatan Berggren.
17:25 of 2nd period - Wrist shot by Jonatan Berggren.
17:25 of 2nd period - Shot Blocked by Justin Faulk.
17:27 of 2nd period - Slapshot by Cam York.
17:27 of 2nd period - Stopped by Adin Hill with a rebound.
17:29 of 2nd period - Snap shot by Joel Kiviranta.
17:29 of 2nd period - Shot Misses the Net.
17:35 of 2nd period - Wrist shot by Jonatan Berggren.
17:35 of 2nd period - Shot Misses the Net.
17:37 of 2nd period - Wrist shot by Jonatan Berggren.
17:37 of 2nd period - Stopped by Adin Hill with a rebound.
17:39 of 2nd period - Snap shot by Joel Kiviranta.
17:39 of 2nd period - Stopped by Adin Hill with a rebound.
17:41 of 2nd period - Slapshot by Arber Xhekaj.
17:41 of 2nd period - Shot Blocked by Justin Faulk.
17:43 of 2nd period - Wrist shot by Jonatan Berggren.
17:43 of 2nd period - Stopped by Adin Hill with a rebound.
17:45 of 2nd period - Backhand shot by Cam York.
17:45 of 2nd period - Shot Blocked by Zachary Werenski.
17:47 of 2nd period - Slapshot by Arber Xhekaj.
17:47 of 2nd period - Shot Blocked by Justin Faulk.
17:49 of 2nd period - Snap shot by Cam York.
17:49 of 2nd period - Shot Misses the Net.
17:51 of 2nd period - Snap shot by Cam York.
17:51 of 2nd period - Shot Blocked by Zachary Werenski.
17:53 of 2nd period - Slapshot by Arber Xhekaj.
17:53 of 2nd period - Shot Blocked by Justin Faulk.
17:55 of 2nd period - Backhand shot by Cam York.
17:55 of 2nd period - Stopped by Adin Hill without a rebound.
17:56 of 2nd period - Elias Lindholm wins face-off versus Matthew Beniers in Chicago Black Hawks zone.
17:59 of 2nd period - Wrist shot by Brendan Gallagher.
17:59 of 2nd period - Stopped by Adin Hill with a rebound.
18:21 of 2nd period - Christopher Tanev is hit by Luke Kunin.
18:44 of 2nd period - Snap shot by Trevor Zegras.
18:44 of 2nd period - Deflect By Morgan Frost.
18:44 of 2nd period - Stopped by Alex Lyon without a rebound.
18:45 of 2nd period - Morgan Frost wins face-off versus Jack Drury in Dallas Stars zone.
18:48 of 2nd period - Snap shot by Morgan Frost.
18:48 of 2nd period - Shot Misses the Net.
19:06 of 2nd period - Snap shot by Jack Drury.
19:06 of 2nd period - Shot Blocked by Brett Howden.
19:10 of 2nd period - Snap shot by Jack Drury.
19:10 of 2nd period - Shot Misses the Net.
19:12 of 2nd period - Wrist shot by Jack Drury.
19:12 of 2nd period - Stopped by Adin Hill without a rebound.
19:13 of 2nd period - Elias Lindholm wins face-off versus Matthew Beniers in Chicago Black Hawks zone.
19:14 of 2nd period - Wrist shot by Dougie Hamilton.
19:14 of 2nd period - Stopped by Adin Hill with a rebound.
19:56 of 2nd period - Minor Penalty to Barrett Hayton for Holding.
19:57 of 2nd period - Luke Kunin wins face-off versus Brett Howden in Chicago Black Hawks zone.
Goals for this period are 3 for Chicago Black Hawks vs 1 for Dallas Stars.
Shots for this period are 12 for Chicago Black Hawks vs 11 for Dallas Stars.
3rd period
0:01 of 3rd period - Luke Kunin wins face-off versus Brett Howden in neutral zone.
0:08 of 3rd period - Slapshot by Luke Kunin.
0:08 of 3rd period - Stopped by Adin Hill without a rebound.
0:09 of 3rd period - Brett Howden wins face-off versus Luke Kunin in Chicago Black Hawks zone.
0:24 of 3rd period - Slapshot by Dougie Hamilton.
0:24 of 3rd period - Shot Misses the Net.
0:26 of 3rd period - Snap shot by Jordan Greenway.
0:26 of 3rd period - Shot Misses the Net.
0:28 of 3rd period - Snap shot by Luke Kunin.
0:28 of 3rd period - Stopped by Adin Hill without a rebound.
0:29 of 3rd period - Elias Lindholm wins face-off versus Brett Howden in Chicago Black Hawks zone.
0:42 of 3rd period - Snap shot by Elias Lindholm.
0:42 of 3rd period - Shot Blocked by Christopher Tanev.
0:54 of 3rd period - Jordan Greenway is hit by Brent Burns.
1:48 of 3rd period - Snap shot by Matthew Beniers.
1:48 of 3rd period - Deflect By Oliver Bjorkstrand.
1:48 of 3rd period - Shot Misses the Net.
1:48 of 3rd period - Puck is out of play.
1:49 of 3rd period - Luke Kunin wins face-off versus Oliver Bjorkstrand in Dallas Stars zone.
1:56 of 3rd period - Penalty to Barrett Hayton is over, Barrett Hayton is back on ice.
2:08 of 3rd period - Snap shot by Trent Frederic.
2:08 of 3rd period - Shot Blocked by Oliver Bjorkstrand.
2:10 of 3rd period - Slapshot by Cam York.
2:10 of 3rd period - Stopped by Adin Hill with a rebound.
2:12 of 3rd period - Slapshot by Cam York.
2:12 of 3rd period - Stopped by Adin Hill without a rebound.
2:13 of 3rd period - Matthew Beniers wins face-off versus Elias Lindholm in Chicago Black Hawks zone.
2:16 of 3rd period - Wrist shot by Josh Anderson.
2:16 of 3rd period - Shot Misses the Net.
2:18 of 3rd period - Snap shot by Cam York.
2:18 of 3rd period - Shot Misses the Net.
2:24 of 3rd period - Wrist shot by Elias Lindholm.
2:24 of 3rd period - Stopped by Adin Hill with a rebound.
2:26 of 3rd period - Snap shot by Josh Anderson.
2:26 of 3rd period - Shot Blocked by Justin Faulk.
2:28 of 3rd period - Slapshot by Josh Anderson.
2:28 of 3rd period - Stopped by Adin Hill with a rebound.
3:20 of 3rd period - Snap shot by Zachary Werenski.
3:20 of 3rd period - Stopped by Alex Lyon without a rebound.
3:21 of 3rd period - Philip Tomasino wins face-off versus Morgan Frost in Dallas Stars zone.
3:32 of 3rd period - Slapshot by Dougie Hamilton.
3:32 of 3rd period - Shot Misses the Net.
3:35 of 3rd period - Icing by Noah Dobson.
3:36 of 3rd period - Elias Lindholm wins face-off versus Morgan Frost in Chicago Black Hawks zone.
4:09 of 3rd period - Wrist shot by Jordan Martinook.
4:09 of 3rd period - Deflect By Jordan Greenway.
4:09 of 3rd period - Shot Misses the Net.
4:09 of 3rd period - Puck is out of play.
4:10 of 3rd period - Brendan Gallagher wins face-off versus Matthew Beniers in Chicago Black Hawks zone.
4:11 of 3rd period - Wrist shot by Elias Lindholm.
4:11 of 3rd period - Shot Misses the Net.
5:18 of 3rd period - Arber Xhekaj is hit by Brent Burns.
5:22 of 3rd period - Brent Burns is hit by Joel Kiviranta and loses puck.
5:29 of 3rd period - Snap shot by Matthew Beniers.
5:29 of 3rd period - Shot Blocked by Joel Kiviranta.
5:41 of 3rd period - Snap shot by Elias Lindholm.
5:41 of 3rd period - Stopped by Adin Hill with a rebound.
5:43 of 3rd period - Wrist shot by Brendan Gallagher.
5:43 of 3rd period - Shot Misses the Net.
5:45 of 3rd period - Slapshot by Josh Anderson.
5:45 of 3rd period - Deflect By Elias Lindholm.
5:45 of 3rd period - Shot Misses the Net.
5:45 of 3rd period - Puck is out of play.
5:46 of 3rd period - Barrett Hayton wins face-off versus Elias Lindholm in Chicago Black Hawks zone.
6:11 of 3rd period - Josh Anderson is hit by Bobby Brink and loses puck.
6:54 of 3rd period - Slapshot by Zachary Werenski.
6:54 of 3rd period - Shot Misses the Net.
7:00 of 3rd period - Brett Howden is hit by Trevor van Riemsdyk and loses puck.
7:05 of 3rd period - Snap shot by Jack Drury.
7:05 of 3rd period - Stopped by Adin Hill without a rebound.
7:06 of 3rd period - Barrett Hayton wins face-off versus Luke Kunin in Chicago Black Hawks zone.
7:31 of 3rd period - Rasmus Ristolainen is hit by Eeli Tolvanen and loses puck.
7:36 of 3rd period - Wrist shot by Leo Carlsson.
7:36 of 3rd period - Stopped by Alex Lyon with a rebound.
7:38 of 3rd period - Slapshot by Jonas Brodin.
7:38 of 3rd period - Stopped by Alex Lyon with a rebound.
7:40 of 3rd period - Wrist shot by Oliver Bjorkstrand.
7:40 of 3rd period - Stopped by Alex Lyon with a rebound.
7:42 of 3rd period - Slapshot by Jonas Brodin.
7:42 of 3rd period - Shot Misses the Net.
7:56 of 3rd period - Slapshot by Brett Howden.
7:56 of 3rd period - Shot Misses the Net.
7:58 of 3rd period - Slapshot by Justin Faulk.
7:58 of 3rd period - Stopped by Alex Lyon with a rebound.
9:44 of 3rd period - Snap shot by Jordan Martinook.
9:44 of 3rd period - Stopped by Adin Hill without a rebound.
9:45 of 3rd period - Leo Carlsson wins face-off versus Jack Drury in Chicago Black Hawks zone.
10:18 of 3rd period - Slapshot by Jakob Chychrun.
10:18 of 3rd period - Shot Blocked by Justin Faulk.
10:37 of 3rd period - Minor Penalty to Shane Wright for Hooking.
10:38 of 3rd period - Elias Lindholm wins face-off versus Oliver Bjorkstrand in Chicago Black Hawks zone.
12:17 of 3rd period - Christopher Tanev is hit by Rasmus Ristolainen and loses puck.
12:36 of 3rd period - Leo Carlsson is hit by Rasmus Ristolainen and loses puck.
12:37 of 3rd period - Penalty to Shane Wright is over, Shane Wright is back on ice.
13:16 of 3rd period - Snap shot by Shane Wright.
13:16 of 3rd period - Stopped by Alex Lyon without a rebound.
13:17 of 3rd period - Jack Drury wins face-off versus Morgan Frost in Dallas Stars zone.
13:17 of 3rd period - Jack Drury is hit by Ryan Suzuki.
13:33 of 3rd period - Minor Penalty to Brett Howden for Hooking.
13:34 of 3rd period - Elias Lindholm wins face-off versus Oliver Bjorkstrand in Chicago Black Hawks zone.
13:55 of 3rd period - Snap shot by Barrett Hayton.
13:55 of 3rd period - Stopped by Alex Lyon with a rebound.
15:33 of 3rd period - Penalty to Brett Howden is over, Brett Howden is back on ice.
15:56 of 3rd period - Slapshot by Rasmus Ristolainen.
15:56 of 3rd period - Stopped by Adin Hill without a rebound.
15:57 of 3rd period - Morgan Frost wins face-off versus Philip Tomasino in Chicago Black Hawks zone.
16:50 of 3rd period - Wrist shot by Leo Carlsson.
16:50 of 3rd period - Shot Misses the Net.
16:52 of 3rd period - Slapshot by Jonas Brodin.
16:52 of 3rd period - Stopped by Alex Lyon with a rebound.
16:54 of 3rd period - Snap shot by Eeli Tolvanen.
16:54 of 3rd period - Shot Misses the Net.
17:14 of 3rd period - Wrist shot by Lucas Raymond.
17:14 of 3rd period - Shot Misses the Net.
17:28 of 3rd period - Slapshot by Luke Kunin.
17:28 of 3rd period - Shot Misses the Net.
17:35 of 3rd period - Off-side.
17:36 of 3rd period - Elias Lindholm wins face-off versus Barrett Hayton in neutral zone.
18:12 of 3rd period - Minor Penalty to Luke Kunin for High sticking.
18:13 of 3rd period - Barrett Hayton wins face-off versus Jordan Martinook in Dallas Stars zone.
18:19 of 3rd period - Snap shot by Trevor Zegras.
18:19 of 3rd period - Stopped by Alex Lyon without a rebound.
18:20 of 3rd period - Jordan Martinook wins face-off versus Barrett Hayton in Dallas Stars zone.
18:45 of 3rd period - Snap shot by Oliver Bjorkstrand.
18:45 of 3rd period - Shot Misses the Net.
18:47 of 3rd period - Snap shot by Oliver Bjorkstrand.
18:47 of 3rd period - Stopped by Alex Lyon without a rebound.
18:48 of 3rd period - Leo Carlsson wins face-off versus Jordan Martinook in Dallas Stars zone.
19:23 of 3rd period - Slapshot by Barrett Hayton.
19:23 of 3rd period - Goal by Barrett Hayton - Chicago Black Hawks : 5 - Dallas Stars : 1.
19:24 of 3rd period - Barrett Hayton wins face-off versus Luke Kunin in neutral zone.
19:38 of 3rd period - Rasmus Ristolainen is hit by Jonas Brodin and loses puck.
19:56 of 3rd period - Slapshot by Elias Lindholm.
19:56 of 3rd period - Stopped by Adin Hill with a rebound.
19:58 of 3rd period - Snap shot by Josh Anderson.
19:58 of 3rd period - Stopped by Adin Hill without a rebound.
19:59 of 3rd period - Bobby Brink wins face-off versus Elias Lindholm in Chicago Black Hawks zone.
19:59 of 3rd period - Bobby Brink is hit by Brendan Gallagher.
Goals for this period are 1 for Chicago Black Hawks vs 0 for Dallas Stars.
Shots for this period are 11 for Chicago Black Hawks vs 12 for Dallas Stars.
Back to the Top